 Dungeon Crawl Stone Soup version 0.31.0-12-g77e489cdc1 (webtiles) character file.

Game seed: 10469961061493909832

15319 Marvel the Severer (level 12, -13/106 HPs)
             Began as a Hill Orc Fighter on Feb 24, 2024.
             Was a Follower of Lugonu.
             Killed from afar by a manticore (22 damage)
             ... with a volley of spikes
             ... on level 13 of the Dungeon.
             The game lasted 00:27:53 (13089 turns).

Marvel the Severer (Hill Orc Fighter)              Turns: 13089, Time: 00:27:53

Health: -13/106    AC: 20    Str: 24    XL:     12   Next: 25%
Magic:  13/13      EV:  9    Int:  8    God:    Lugonu [*.....]
Gold:   750        SH:  9    Dex: 10    Spells: 11/11 levels left

rFire   . . .        a - +4 war axe (freeze)
rCold   + + .        c - +0 buckler
rNeg    . . .        e - +2 ice dragon scales
rPois   +            j - +0 helmet
rElec   .            V - +0 cloak
rCorr   .            w - +0 pair of gloves
SInv    .            N - +0 pair of boots
Will    .....        o - amulet of reflection Stlth
                     m - ring of poison resistance
HPRegen 0.37/turn    y - ring of protection from fire
MPRegen 0.13/turn

%: reflection
@: spiked
A: no striking features
a: Renounce Religion, Depart the Abyss


You were on level 13 of the Dungeon.
You worshipped Lugonu.
Lugonu was aware of your devotion.
You visited 2 branches of the dungeon, and saw 14 of its levels.
You visited the Abyss 1 time.
You also visited: Sewer and Bailey.

You collected 750 gold pieces.

Inventory:

Hand Weapons
 a - a +4 war axe of freezing (weapon)
 r - a +1 flail of distortion
 X - a +4 dagger of distortion
Missiles
 z - 4 throwing nets
 C - 19 poisoned darts (quivered)
 W - 3 curare-tipped darts
Armour
 b - a +0 scale mail
 c - a +0 buckler (worn)
 e - +2 ice dragon scales (worn)
 j - a +0 helmet (worn)
 w - a +0 pair of gloves (worn)
 K - a +8 chain mail of ponderousness
 N - a +0 pair of boots (worn)
 V - a +0 cloak (worn)
Jewellery
 m - a ring of poison resistance (left hand)
 o - an amulet of reflection (around neck)
 x - a ring of magical power
 y - a ring of protection from fire (right hand)
 F - a ring of magical power
 H - a ring of protection from cold
 U - an amulet of magic regeneration
Wands
 h - a wand of iceblast (5)
 S - a wand of flame (3)
 T - a wand of acid (6)
Scrolls
 f - a scroll of enchant armour
 i - a scroll of brand weapon
 k - a scroll of butterflies
 l - a scroll of immolation
 p - 3 scrolls of fear
 v - 2 scrolls of fog
 A - a scroll of blinking
 G - a scroll of revelation
 I - 3 scrolls of poison
 Q - 5 scrolls of identify
 R - a scroll of vulnerability
 Y - a scroll of teleportation
Potions
 d - 8 potions of might
 q - 3 potions of attraction
 u - a potion of brilliance {unknown}
 D - 3 potions of degeneration
 E - a potion of enlightenment
 J - a potion of invisibility {unknown}
 L - a potion of magic
 M - 2 potions of berserk rage {unknown}
 O - 3 potions of resistance {unknown}
 P - a potion of curing


   Skills:
 + Level 10.1 Fighting
 * Level 19.4 Axes
 + Level 2.7 Throwing
 + Level 10.1 Armour
 - Level 3.2 Shields
 + Level 2.1 Invocations


You had 11 spell levels left.
You didn't know any spells.
Your spell library contained the following spells:

 Spells                   Type           Power      Damage    Failure   Level
 Apportation              Tloc           0%         N/A       78%         1
 Freeze                   Ice            0%         1d3       78%         1
 Magic Dart               Conj           0%         1d3       78%         1
 Necrotise                Necr           0%         1d4       78%         1
 Sting                    Conj/Alch      0%         1d3       78%         1
 Summon Small Mammal      Summ           0%         N/A       78%         1
 Blink                    Tloc           0%         N/A       89%         2
 Call Imp                 Summ           0%         N/A       89%         2
 Lesser Beckoning         Tloc           0%         N/A       89%         2
 Momentum Strike          Conj/Tloc      0%         3d8       89%         2
 Call Canine Familiar     Summ           0%         N/A       98%         3
 Frozen Ramparts          Ice            0%         1d1       98%         3
 Fugue of the Fallen      Necr           0%         N/A       98%         3
 Hailstorm                Conj/Ice       0%         3d5       98%         3
 Ozocubu's Armour         Ice            0%         N/A       98%         3
 Sigil of Binding         Hex            0%         N/A       98%         3
 Dimensional Bullseye     Hex/Tloc       0%         N/A       100%        4
 Manifold Assault         Tloc           0%         N/A       100%        4
 Dispersal                Tloc           0%         N/A       100%        6
 Disjunction              Tloc           0%         N/A       100%        8


Dungeon Overview and Level Annotations

Branches:
Dungeon (13/15)            Temple (1/1) D:4            Lair (0/5) D:10
    Orc (0/2) D:10          Sewer (visited)          Bailey (visited)
 Vaults: D:13-14

Altars:
Ashenzari
Cheibriados
Dithmenos
Elyvilon
Fedhas
Gozag
Hepliaklqana
Kikubaaqudgha
Makhleb
Nemelex Xobeh
Okawaru
Qazlal
Ru
Trog
Uskayaw
Vehumet
Wu Jian
Xom
Yredelemnul
Zin
The Shining One
Lugonu

Annotations:
D:9 1 runed translucent door
D:12 Rupert


Message History

The tengu warrior hits you with a +0 war axe.
The tengu warrior barely misses you.
The tengu warrior claws you but does no damage.
You barely miss the tengu warrior.
The tengu warrior is heavily wounded.
You slash the tengu warrior! You freeze the tengu warrior.
You block the tengu warrior's attack. The tengu warrior pecks you.
The tengu warrior claws you but does no damage.
The tengu warrior hits you but does no damage.
The tengu warrior pecks you.
* * * LOW HITPOINT WARNING * * *
The tengu warrior claws you but does no damage.
The tengu warrior hits you with a +0 war axe!
* * * LOW HITPOINT WARNING * * *
You block the tengu warrior's attack. x2
There is an open door, spattered with blood here.
Okay, then.
As you read the scroll of teleportation, it crumbles to dust.
You feel strangely unstable.
An entropy weaver comes into view.
The tengu warrior attacks as it pursues you!
The tengu warrior hits you with a +0 war axe.
* * * LOW HITPOINT WARNING * * *
The tengu warrior pecks you but does no damage.
You block the tengu warrior's attack.
The entropy weaver shouts!
The tengu warrior attacks as it pursues you!
The tengu warrior hits you with a +0 war axe.
* * * LOW HITPOINT WARNING * * *
You block the tengu warrior's attack.
The tengu warrior claws you but does no damage.
Your surroundings suddenly seem different. 3 slime creatures come into view.
The slime creature quivers.
Found a shadowy altar of Dithmenos.
A manticore comes into view.
The manticore flicks its tail.
The volley of spikes skewers you!!
The barbed spikes become lodged in your body.
You die...

#...... #......
.. ## #.##.. .#
... #.##.#
.###..# #.##.##
..#..#
#.J...##.....##
##.............
#..##......H..
#.####@.._...#
#.. #.........
#.............
###..##../..##
#.# ..#..# #.
.###..# # .#
... .. .#


You could see a slime creature and a manticore.

Vanquished Creatures
  A fire giant (D:11)
  A centaur warrior (D:11)
  3 two-headed ogres (D:10)
  Pikel (D:3)
  An ugly thing (D:12)
  Maurice (D:10)
  3 manticores
  2 gargoyles
  The ghost of TangoThomas the Firebug, a novice DsCA of Ignis (D:5)
  A komodo dragon (D:12)
  Psyche (D:11)
  A rime drake (D:9)
  2 trolls
  2 polar bears (D:10)
  2 hornets
  A raiju (Abyss:1)
  A shadow (D:12)
  Sigmund (D:7)
  A wyvern (D:10)
  A wraith (D:10)
  A vampire (Bailey)
  10 yaks
  A warg (D:10)
  2 vampire mosquitoes (D:11)
  Edmund (D:4)
  5 acid dragons
  A water moccasin (D:7)
  Pargi (Sewer)
  2 sky beasts (D:8)
  An ice beast (D:10)
  3 black bears
  An ogre (D:5)
  2 wolves (D:10)
  7 centaurs
  A lemure (D:3)
  A kobold brigand (D:7)
  A brain worm (Sewer)
  7 bullfrogs
  2 scorpions
  10 wights
  18 killer bees
  A howler monkey (D:6)
  9 vampire bats (Bailey)
  4 wolf zombies (Bailey)
  2 lava snakes (D:7)
  2 bombardier beetles (D:6)
  2 orc priests (D:6)
  3 hounds
  2 gnoll boudas (D:9)
  4 iguanas
  3 sleepcaps
  Natasha (D:1)
  An orc wizard (D:7)
  A killer bee zombie (D:5)
  A hound zombie (D:5)
  15 adders
  12 gnolls
  2 shadow imps
  A white imp (D:7)
  4 ufetubi
  2 dart slugs
  2 ribbon worms (D:2)
  12 orcs
  10 ball pythons
  7 endoplasms
  2 giant cockroaches (D:4)
  13 goblins
  7 hobgoblins
  4 jackals (D:2)
  3 quokkas
  3 bats (D:1)
  7 frilled lizards
  11 kobolds
  18 orc zombies (Bailey)
  6 rats
283 creatures vanquished.

Vanquished Creatures (others)
  A kobold (D:4)
1 creature vanquished.

Grand Total: 284 creatures vanquished

Notes
Turn   | Place    | Note
-------+----------+-------------------------------------------
     0 | D:1      | Marvel the Hill Orc Fighter began the quest for the Orb.
     0 | D:1      | Reached XP level 1. HP: 19/19 MP: 1/1
   228 | D:1      | Reached skill level 3 in Axes
   228 | D:1      | Reached XP level 2. HP: 27/27 MP: 2/2
   677 | D:2      | Noticed Natasha
   685 | D:1      | Killed Natasha
   686 | D:1      | Reached skill level 4 in Axes
   686 | D:1      | Reached XP level 3. HP: 23/33 MP: 3/3
   745 | D:2      | Reached XP level 4. HP: 16/40 MP: 4/4
  1583 | D:3      | Reached skill level 5 in Axes
  1783 | D:3      | Reached XP level 5. HP: 47/47 MP: 5/5
  2097 | D:4      | Noticed a lemure
  2097 | D:4      | Noticed a lemure
  2097 | D:4      | Noticed Pikel
  2098 | D:4      | Noticed a lemure
  2098 | D:4      | Noticed a lemure
  2130 | D:3      | Killed a lemure
  2160 | D:3      | Killed Pikel
  2161 | D:3      | Reached skill level 9 in Axes
  2161 | D:3      | Reached skill level 5 in Armour
  2161 | D:3      | Reached XP level 6. HP: 46/55 MP: 6/6
  2161 | D:3      | Reached XP level 7. HP: 50/60 MP: 7/7
  2215 | D:4      | Found a glowing drain.
  2237 | D:4      | Noticed Edmund
  2244 | Sewer    | Entered a sewer
  2303 | Sewer    | Noticed Pargi
  2316 | Sewer    | Killed Pargi
  2317 | Sewer    | Reached skill level 5 in Fighting
  2407 | Sewer    | Reached skill level 10 in Axes
  2407 | Sewer    | Reached XP level 8. HP: 58/68 MP: 6/8
  2432 | D:4      | Killed Edmund
  2624 | D:4      | Found a staircase to the Ecumenical Temple.
  2649 | Temple   | Entered the Ecumenical Temple
  2667 | Temple   | Became a worshipper of Warmaster Okawaru
  2937 | D:5      | Entered Level 5 of the Dungeon
  2949 | D:5      | Found a runed translucent gate.
  2949 | D:5      | Found a runed translucent gate.
  2949 | D:5      | Found a runed translucent gate.
  2949 | D:5      | Noticed TangoThomas's ghost (novice DsCA)
  2951 | D:5      | Found a basalt altar of Yredelemnul.
  2965 | D:5      | Reached skill level 11 in Axes
  3045 | D:5      | Identified the +0 scale mail of the Vaults {Dex+2}
  3422 | D:5      | Reached skill level 12 in Axes
  3579 | D:6      | Reached * piety under Okawaru
  3597 | D:6      | Found a shadowy altar of Dithmenos.
  3740 | D:7      | Reached XP level 9. HP: 52/75 MP: 9/9
  4246 | D:6      | Reached skill level 13 in Axes
  4926 | D:7      | Found a stormy altar of Qazlal.
  4990 | D:7      | Reached ** piety under Okawaru
  5132 | D:7      | Found a glowing golden altar of the Shining One.
  5147 | D:7      | Reached skill level 14 in Axes
  5188 | D:7      | Found a sparkling altar of Nemelex Xobeh.
  5257 | D:7      | Noticed Sigmund
  5263 | D:7      | Killed Sigmund
  5310 | D:7      | Found a blossoming altar of Fedhas.
  5495 | D:7      | Found a shimmering altar of Xom.
  5496 | D:7      | Found a hazy altar of Hepliaklqana.
  5497 | D:7      | Noticed a spectral ugly thing
  5810 | D:8      | Found a broken altar of Ashenzari.
  5814 | D:8      | Saw a vision of the Shoals and the Spider Nest.
  5814 | D:8      | Noticed a pharaoh ant
  5814 | D:8      | Noticed a wind drake
  5814 | D:8      | Noticed an orb spider
  5814 | D:8      | Noticed a skyshark
  5814 | D:8      | Noticed a wolf spider
  5814 | D:8      | Noticed a torpor snail
  5814 | D:8      | Noticed a meliai
  5814 | D:8      | Noticed a steelbarb worm
  5814 | D:8      | Noticed a radroach
  5814 | D:8      | Noticed a tarantella
  5814 | D:8      | Noticed a skyshark
  5814 | D:8      | Noticed a manticore
  5818 | D:8      | Noticed a manticore
  5818 | D:8      | Noticed a merfolk
  5818 | D:8      | Noticed a pharaoh ant
  5867 | D:8      | Reached skill level 15 in Axes
  5867 | D:8      | Reached XP level 10. HP: 66/86 MP: 10/10
  5889 | D:8      | Found a flagged portal.
  5906 | Bailey   | Entered a bailey
  6035 | Bailey   | Noticed a gargoyle
  6049 | Bailey   | Killed a gargoyle
  6049 | Bailey   | Reached *** piety under Okawaru
  6502 | Bailey   | Reached skill level 16 in Axes
  6688 | Bailey   | Identified the +8 sling "Guokhlaty" {drain, rElec Will+
                  | Str+5}
  6768 | D:8      | Found a bloodstained altar of Trog.
  6942 | D:8      | Reached skill level 1 in Invocations
  7471 | D:5      | Killed TangoThomas's ghost
  7626 | D:9      | Reached skill level 17 in Axes
  7704 | D:9      | Reached **** piety under Okawaru
  8071 | D:9      | Found a runed translucent door.
  8073 | D:9      | Found a burning altar of Makhleb.
  8073 | D:9      | Noticed a sixfirhy
  8088 | D:9      | Reached XP level 11. HP: 85/94 MP: 11/11
  8659 | D:10     | Entered Level 10 of the Dungeon
  8706 | D:10     | Found a staircase to the Orcish Mines.
  8805 | D:10     | Reached skill level 18 in Axes
  8815 | D:10     | Found a staircase to the Lair.
  8815 | D:10     | Noticed a two-headed ogre
  9040 | D:10     | Found a sacrificial altar of Ru.
  9044 | D:10     | Found a white marble altar of Elyvilon.
  9338 | D:10     | Reached ***** piety under Okawaru
  9513 | D:10     | Noticed Maurice
  9523 | D:10     | Maurice stole an amulet of magic regeneration
  9528 | D:10     | Killed Maurice
  9529 | D:10     | Reached skill level 1 in Throwing
  9732 | D:10     | Killed a two-headed ogre
  9785 | D:10     | Noticed a two-headed ogre
  9793 | D:10     | Killed a two-headed ogre
  9877 | D:10     | Noticed a two-headed ogre
  9882 | D:10     | Killed a two-headed ogre
  9882 | D:10     | Received a gift from Okawaru
 10239 | D:11     | Noticed Psyche
 10258 | Abyss:1  | Cast into level 1 of the Abyss (Psyche)
 10330 | Abyss:1  | Noticed a thrashing horror
 10340 | Abyss:1  | Found a corrupted altar of Lugonu.
 10366 | Abyss:1  | Noticed a lich
 10484 | Abyss:1  | Found a corrupted altar of Lugonu.
 10492 | Abyss:1  | Fell from the grace of Okawaru
 10492 | Abyss:1  | Became a worshipper of Lugonu the Unformed
 10492 | Abyss:1  | Reached * piety under Lugonu
 10492 | Abyss:1  | Reached ** piety under Lugonu
 10493 | D:11     | Escaped the Abyss
 10499 | D:11     | Killed Psyche
 10620 | D:11     | Banished an orc knight
 10639 | D:11     | Reached skill level 19 in Axes
 10643 | D:11     | Banished a cyclops
 10644 | D:11     | Noticed a fire giant
 10644 | D:11     | Noticed a centaur warrior
 10649 | D:11     | Killed a centaur warrior
 10938 | D:11     | Reached XP level 12. HP: 78/105 MP: 13/13
 11675 | D:11     | Killed a fire giant
 12025 | D:12     | Reached skill level 10 in Armour
 12122 | D:12     | HP: 4/106 [red ugly thing (16)]
 12549 | D:12     | Reached skill level 10 in Fighting
 12653 | D:12     | Noticed Rupert
 12657 | D:12     | Paralysed by Rupert for 2 turns
 13052 | D:13     | Noticed a tengu warrior
 13052 | D:13     | Noticed a tengu warrior
 13080 | D:13     | Noticed an entropy weaver
 13085 | D:13     | Found a shadowy altar of Dithmenos.
 13089 | D:13     | Killed from afar by a manticore

Illustrated notes

Levels and vault maps discovered:
D:1:      shiori_arrival_oz, layout_loops_ring, minivault_19, minmay_tromino_i2
D:2:      layout_rooms, uniq_natasha
D:3:      layout_basic
D:4:      layout_cave_pools, minmay_temple_entry_mist, gup_sewer_entry_glass,
          nicolae_tricolors, uniq_edmund, uniq_pikel
D:5:      layout_cave_pools, tgw_sif, nicolae_yredelemnul_ghost_church
D:6:      layout_basic, lemuel_doored_altar
D:7:      layout_cave_pools, regret_index_temple_of_mockery,
          fedhas_altar_fruit_tree, nicolae_overflow_crystal_walls,
          tso_metal_star, nicolae_qazlal_style_of_elements,
          hangedman_decor_clover_reticule, corexii_hall_statues_i,
          kennysheep_another_room, sigmund_army
D:8:      layout_basic, trog_hazing_becter, grunt_ashenzari_visionary
          [grunt_ashenzari_visionary_shoals, grunt_ashenzari_visionary_spider],
          enter_bailey_3
D:9:      layout_irregular_city, nzn_makhleb_speed_demon, minmay_misc_feat_chi
D:10:     layout_roguey, nicolae_overflow_hidden_temple,
          hellmonk_lair_entry_icy, minmay_orc_entry_guard_dogs, uniq_maurice
D:11:     layout_loops_corners, uniq_psyche
D:12:     layout_basic, uniq_rupert
D:13:     layout_roguey, david_vaults_2, gauntlet_entry_generic,
          nicolae_dithmenos_shadow_blocks
Temple:   corrupted_temple

Skill      XL: |  1  2  3  4  5  6  7  8  9 10 11 12 |
---------------+-------------------------------------+-----
Axes           | 3 4 5 9 10 12 15 17 19 | 19.4
Fighting       | 4 5 7 9 10 | 10.1
Armour         | 4 5 6 7 9 10 | 10.1
Invocations    | 1 2 |  2.1
Throwing       | 2 |  2.7
Shields        | |  3.2

Action                     |  1- 3 |  4- 6 |  7- 9 | 10-12 || total
---------------------------+-------+-------+-------+-------++-------
  Melee: War axe           |    55 |   109 |   379 |   633 ||  1176
  Throw: Dart              |       |       |       |    29 ||    29
 Invoke: Heroism           |       |       |       |     8 ||     8
         Depart the Abyss  |       |       |       |     1 ||     1
    Use: Scroll            |       |       |    13 |    19 ||    32
         Potion            |       |       |       |    14 ||    14
 Armour: Ice dragon scales |    57 |    62 |   233 |   485 ||   837
         Scale mail        |     4 |       |       |       ||     4
         Skin              |       |       |       |    10 ||    10
  Dodge: Dodged            |    33 |    43 |   139 |   240 ||   455
  Block: Buckler           |    19 |    55 |   203 |   301 ||   578
         Reflection        |       |       |     4 |    13 ||    17
